 Dungeon Crawl Stone Soup version 0.23.2-40-g277498a001 (webtiles) character file.

Game seed: 4606038932415125688

193 Curus the Changer (level 5, -9/37 HPs)
             Began as a Merfolk Transmuter on Sept 21, 2019.
             Mangled by Sigmund
             ... wielding a +0 scythe
              (22 damage)
             ... on level 3 of the Dungeon.
             The game lasted 00:09:13 (2817 turns).

Curus the Changer (Merfolk Transmuter)              Turns: 2817, Time: 00:09:14

Health: -9/37      AC:  2    Str: 10    XL:     5   Next: 72%
Magic:  5/8        EV: 21    Int: 14    God:
Gold:   150        SH:  0    Dex: 19    Spells: 4/8 levels left

rFire    . . .     SeeInvis .     - Unarmed
rCold    . . .     Gourm    .   (shield currently unavailable)
rNeg     . . .     Faith    .   (armour currently unavailable)
rPois    x         Spirit   .   (helmet currently unavailable)
rElec    .         Reflect  .   (cloak currently unavailable)
rCorr    .         Harm     .   (gloves currently unavailable)
MR       .....                  (boots currently unavailable)
Stlth    ++........             (no amulet)
HPRegen  0.12/turn              (no ring)
MPRegen  0.11/turn              (no ring)

@: spider-form, lightly drained
A: tiny, (change form in water), (swift swim), (stealthy swim), wild magic 1
a: End Transformation


You were on level 3 of the Dungeon.
You were not hungry.
You were a venomous arachnid creature.
You visited 1 branch of the dungeon, and saw 3 of its levels.

You collected 150 gold pieces.

Inventory:

Missiles
 a - 27 arrows
Armour
 b - a +1 robe (melded)
 i - a +0 pair of boots (melded)
Scrolls
 e - a scroll of identify
 g - 2 scrolls of amnesia
 l - a scroll of remove curse
Potions
 c - a potion of mutation
 f - a potion of lignification
 h - a potion of might
Comestibles
 d - 6 rations
 k - 3 chunks of flesh


   Skills:
 - Level 1.1(1.0) Fighting
 - Level 2.6 Dodging
 - Level 4.5(4.4) Unarmed Combat
 - Level 2.0(1.9) Spellcasting
 + Level 5.0 Transmutations
 + Level 3.3(3.2) Poison Magic


You had 4 spell levels left.
You knew the following spells:

 Your Spells              Type           Power        Failure   Level  Hunger
a - Beastly Appendage     Tmut           ###...       16%         1    ##.....
b - Spider Form           Tmut/Pois      ###.......   38%         3    ####...

Your spell library contained the following spells:

 Spells                   Type           Power        Failure   Level  Hunger
 Sticks to Snakes         Tmut           ###.....     21%         2    ###....
 Ice Form                 Ice/Tmut       ##......     88%         4    #####..
 Blade Hands              Tmut           ###.......   87%         5    ######.


Dungeon Overview and Level Annotations

Branches:
Dungeon (3/15)

Altars:
Fedhas
Okawaru
Sif Muna
Uskayaw

Annotations:
D:2 exclusion: oklob plant
D:3 Sigmund


Innate Abilities, Weirdness & Mutations

((You revert to your normal form in water))
((You are very nimble and swift while swimming.))
((You are very stealthy in the water. (Stealth+)))
((You are partially covered in large bone plates. (SH +4)))
((Your flesh is heat resistant. (rF+)))
Your spells are a little harder to cast, but a little more powerful.


Message History

Casting: Spider Form (safe; 19% risk of failure)
Confirm with . or Enter, or press ? or * to list all spells.
You turn into a venomous arachnid creature.
Your +0 pair of boots melds into your body.
Your +1 robe melds into your body.
Sigmund gestures at you while chanting. The puff of flame hits you!
Sigmund closely misses you.
You see here a +0 whip.
Sigmund drinks a potion.
Sigmund seems to grow stronger.
You hit Sigmund.
Sigmund is poisoned.
Sigmund is lightly wounded.
Sigmund asks, "Do you like me?" Sigmund gestures at you while chanting.
You resist with some effort.
You hit Sigmund.
Sigmund looks as sick as possible!
Sigmund is lightly wounded.
Sigmund hits you with a +0 scythe!!
Ouch! That really hurt!
You die...

#. .............#.
#####.#.. ....####.##.
#.......# #.....#(##.
#.......# #.....#.##.
#.......# #........#.
#.......# ####.(...#.
#.....).# #........#.
#...@...# #..).....##
#####s######....##.##
#...)............### .
#...[##############. ..
#....# #....##.....
...#########...........
..........##....##.....
#..............##....#
#..............##....#
########.......##....#


You could see Sigmund.

Vanquished Creatures
  An orc priest (D:3)
  Terence (D:2)
  A gnoll (D:1)
  5 adders
  A worm (D:3)
  A dart slug (D:1)
  6 leopard geckos
  8 orcs (D:3)
  3 ball pythons
  8 hobgoblins
  10 bats
  8 goblins
  6 kobolds
  9 rats
68 creatures vanquished.

Notes
Turn   | Place    | Note
-------+----------+-------------------------------------------
     0 | D:1      | Curus the Merfolk Transmuter began the quest for the Orb.
     0 | D:1      | Reached XP level 1. HP: 15/15 MP: 3/3
    61 | D:1      | Reached XP level 2. HP: 21/21 MP: 5/5
   203 | D:1      | Reached XP level 3. HP: 26/26 MP: 4/6
   211 | D:1      | Learned a level 3 spell: Spider Form
   414 | D:2      | Reached skill level 3 in Transmutations
   505 | D:2      | Noticed Terence
   518 | D:2      | Killed Terence
   518 | D:2      | Reached skill level 1 in Poison Magic
   518 | D:2      | Reached XP level 4. HP: 19/32 MP: 4/7
   527 | D:2      | Gained mutation: Your spells are a little harder to cast,
                  | but a little more powerful. [potion of mutation]
   527 | D:2      | Gained mutation: You are partially covered in large bone
                  | plates. (SH +4) [potion of mutation]
   527 | D:2      | Gained mutation: Your flesh is heat resistant. (rF+)
                  | [potion of mutation]
   808 | D:2      | Found a deep blue altar of Sif Muna.
   857 | D:2      | Found a blossoming altar of Fedhas.
   870 | D:2      | Noticed an oklob plant
   958 | D:2      | Found an iron altar of Okawaru.
  1638 | D:3      | Reached skill level 4 in Transmutations
  1764 | D:3      | Reached XP level 5. HP: 18/37 MP: 8/8
  2324 | D:3      | Found a blossoming altar of Fedhas.
  2388 | D:3      | Found a hide-covered altar of Uskayaw.
  2721 | D:3      | Reached skill level 5 in Transmutations
  2806 | D:3      | Noticed Sigmund
  2817 | D:3      | Mangled by Sigmund

Skill      XL: |  1  2  3  4  5 |
---------------+----------------+-----
Unarmed Combat | 4 |  4.5
Transmutations | 3 4 5 |  5.0
Poison Magic   | 1 2 3 |  3.3
Fighting       | |  1.1
Dodging        | |  2.6
Spellcasting   | |  2.0

Action                   |  1- 3 |  4- 6 || total
-------------------------+-------+-------++-------
Melee: Unarmed           |    73 |   169 ||   242
       Headbutt          |     3 |    10 ||    13
       Punch             |       |     3 ||     3
 Cast: Beastly Appendage |     9 |    10 ||    19
       Spider Form       |     1 |     3 ||     4
  Use: Scroll            |     2 |     6 ||     8
       Potion            |     2 |     3 ||     5
 Stab: Sleeping          |       |     2 ||     2
  Eat: Chunk             |       |     4 ||     4
       Ration            |       |     1 ||     1
Armor: Robe              |     7 |    23 ||    30
Dodge: Dodged            |    42 |   103 ||   145
Block: Other             |       |    21 ||    21
